AoeStats
← LyM. El Arquitecto

Arena

509962133Analyzed
3v3 RM · 3d ago on Sep 28, 2026· 42m 58s· 6 players
Game mode
Random Map
Map size
Normal (6 player)
Population
200
Speed
Normal
Resources
Standard
Victory
Conquest
Starting age
Dark Age
Ending age
Imperial Age
RankedLock teamsTeams togetherTeam positionsShared explorationLock speedFull tech treeHidden civsTurbo modeCheats
Victory
Defeat
🇩🇪 Mongols · Germany
1154
+14
🇳🇴 Chinese · Norway
1057
+18
🇲🇽 Poles · Mexico
1045
+18
🇦🇷 Franks · Argentina
1160
-19
🇦🇷 Khmer · Argentina
1087
-16
🇦🇷 Teutons · Argentina
1058
-15
LyM.TysanTesmon
11:15 Feudal Age
11:21 Feudal Age
15:28 Castle Age
13:50 Double-Bit Axe
17:01 Loom
20:04 Forging
20:30 Town Watch
26:50 Wheelbarrow
30:22 Imperial Age
29:22 Iron Casting
29:04 Gold Mining
29:31 Bow Saw
30:21 Scale Barding Armor
30:52 Husbandry
31:26 Conscription
31:34 Cavalier
32:25 Fletching
35:45 Chain Barding Armor
36:00 Scale Mail Armor
38:03 Bodkin Arrow
38:53 Chain Mail Armor
38:34 Elite Skirmisher
40:13 Plate Barding Armor
LyM.leantorras
LyM. El Arquitecto
0:27 Loom
10:59 Feudal Age
11:35 Double-Bit Axe
11:43 Gold Mining
17:59 Castle Age
17:10 Stone Mining
18:14 Scale Mail Armor
19:22 Forging
22:53 Chain Mail Armor
25:00 Ironclad
32:01 Iron Casting
32:10 Wheelbarrow
32:06 Town Watch
32:57 Horse Collar
34:05 Fletching
35:40 Hand Cart
36:27 Ballistics
36:18 Masonry
35:40 Pikeman
36:20 Squires
36:06 Gambesons
39:55 Imperial Age
37:12 Elite Skirmisher
PIGGI A MAND!!!
0:29 Loom
11:19 Feudal Age
11:51 Double-Bit Axe
15:35 Castle Age
14:43 Horse Collar
17:43 Heavy Plow
18:04 Bow Saw
22:41 Stone Mining
28:04 Imperial Age
25:32 Gold Mining
26:53 Wheelbarrow
26:04 Town Watch
29:59 Chemistry
28:53 Fletching
29:04 Padded Archer Armor
29:55 Hand Cart
30:16 Conscription
29:31 Pikeman
30:11 Squires
31:41 Two-Man Saw
31:10 Ballistics
31:09 Leather Archer Armor
33:36 Gold Shaft Mining
32:31 Halberdier
34:48 Rocketry
35:10 Elite Chu Ko Nu
37:32 Ring Archer Armor
36:57 Bodkin Arrow
37:13 Forging
37:03 Scale Mail Armor
37:21 Heavy Rocket Cart
m4r[
11:03 Feudal Age
12:36 Double-Bit Axe
14:56 Castle Age
13:09 Horse Collar
16:09 Bow Saw
19:17 Heavy Plow
23:21 Wheelbarrow
22:44 Loom
27:26 Imperial Age
25:14 Fletching
25:26 Padded Archer Armor
25:59 Masonry
26:13 Ballistics
26:07 Fortified Wall
27:00 Wheelbarrow
27:19 Bodkin Arrow
28:34 Conscription
28:48 Thumb Ring
28:32 Capped Ram
31:06 Chemistry
31:48 Parthian Tactics
31:26 Bracer
31:42 Leather Archer Armor
31:59 Hand Cart
32:00 Bloodlines
33:06 Husbandry
33:36 Siege Ram
35:06 Drill
34:48 Gold Mining
34:48 Stone Mining
35:12 Elite Mangudai
36:59 Siege Engineers
Master Blaster
0:27 Loom
10:04 Feudal Age
10:34 Double-Bit Axe
13:01 Horse Collar
16:18 Bloodlines
16:18 Man-at-Arms
17:19 Scale Barding Armor
18:30 Stone Mining
18:34 Gold Mining
20:37 Arson
23:46 Castle Age
22:44 Scale Mail Armor
22:54 Forging
22:35 Fletching
25:07 Heavy Plow
25:47 Bow Saw
25:49 Squires
27:36 Wheelbarrow
27:53 Stone Shaft Mining
27:30 Town Watch
27:13 Long Swordsman
27:14 Pikeman
29:52 Hand Cart
29:52 Fervor
30:03 Sanctity
33:21 Imperial Age
31:15 Hand Cart
31:35 Chain Mail Armor
32:08 Hand Cart
32:16 Ballistics
31:52 Murder Holes
32:08 Masonry
32:55 Caravan
34:26 Iron Casting
34:12 Chain Barding Armor
33:47 Bodkin Arrow
34:45 Crop Rotation
35:38 Chemistry
35:15 Plate Mail Armor
34:15 Two-Handed Swordsman
35:50 Block Printing
35:36 Devotion
36:26 Conscription
35:58 Champion
37:29 Husbandry
36:50 Light Cavalry
38:21 Winged Hussar
39:48 Lechitic Legacy
39:31 Cavalier
41:39 Blast Furnace
40:48 Bracer
42:22 Elite Obuch
Connection lost

Rejoining the realm…

Still unreachable

The connection could not be restored.

Session expired

The server has moved on; the page needs a fresh start.